 Dungeon Crawl Stone Soup version 0.22.0-49-gab54619674 (webtiles) character file.

69 JedernureinKreuz the Sneak (level 4, -2/35 HPs)
             Began as a Barachi Assassin on Sept 7, 2018.
             Slain by a gnoll
             ... wielding a +0 spear
              (6 damage)
             ... on level 3 of the Dungeon.
             The game lasted 00:05:48 (1610 turns).

JedernureinKreuz the Sneak (Barachi Assassin)       Turns: 1610, Time: 00:05:49

Health: -2/35      AC:  3    Str: 12    XL:     4   Next: 20%
Magic:  4/4        EV: 12    Int: 11    God:
Gold:   132        SH:  0    Dex: 15    Spells: 3/3 levels left

rFire    . . .     SeeInvis .   a - +2 dagger
rCold    . . .     Gourm    .   (no shield)
rNeg     . . .     Faith    .   c - +0 robe
rPois    .         Spirit   .   (no helmet)
rElec    .         Reflect  .   d - +0 cloak
rCorr    .         Harm     .   (no gloves)
MR       .....                  (no boots)
Stlth    +++.......             (no amulet)
HPRegen  0.11/turn              (no ring)
MPRegen  0.09/turn              (no ring)

@: slow
A: +LOS, swims, slowness 1, strong legs 1
a: Hop


You were on level 3 of the Dungeon.
You were not hungry.

You visited 1 branch of the dungeon, and saw 3 of its levels.

You collected 132 gold pieces.

Inventory:

Hand Weapons
 a - a +2 dagger (weapon)
 b - a +0 blowgun
Missiles
 e - 8 poisoned needles
 f - 2 curare-tipped needles
Armour
 c - a +0 robe (worn)
 d - a +0 cloak (worn)
Scrolls
 h - 2 scrolls of amnesia {unknown}
 i - a scroll of enchant weapon {unknown}
 j - a scroll of enchant armour {unknown}
 k - a scroll of fog {unknown}
 l - a scroll of magic mapping {unknown}
 q - a scroll of remove curse {unknown}
Potions
 m - a potion of degeneration {unknown}
 n - a potion of lignification {unknown}
 o - a potion of might {unknown}
 p - a potion of heal wounds {unknown}
 r - a potion of invisibility {unknown}
 t - a potion of cancellation {unknown}
Comestibles
 g - 3 rations
 s - a chunk of flesh


   Skills:
 + Level 3.1 Fighting
 + Level 2.8 Short Blades
 + Level 2.6 Throwing
 + Level 2.0 Dodging
 + Level 4.0 Stealth


You had 3 spell levels left.
You didn't know any spells.
Your spell library was empty.

Dungeon Overview and Level Annotations

Branches:
Dungeon (3/15)

Altars:


Innate Abilities, Weirdness & Mutations

Shadows flee at your approach. (+LOS)
You can swim through water.
You cover ground slowly.
You can hop short distances.


Message History

You completely miss the leopard gecko. The leopard gecko bites you.
The gnoll hits you from afar with a spear!
The leopard gecko closely misses you.
You hit the quokka.
You kill the quokka!
The leopard gecko bites you.
* * * LOW HITPOINT WARNING * * *
You hit the leopard gecko.
The leopard gecko is almost dead.
The gnoll hits you but does no damage.
The leopard gecko bites you but does no damage.
You miss the leopard gecko.
The leopard gecko is almost dead.
The gnoll hits you from afar with a spear.
* * * LOW HITPOINT WARNING * * *
The leopard gecko closely misses you.
You hit the leopard gecko.
You kill the leopard gecko!
The gnoll hits you from afar with a spear.
You die...

#. #... #...#
#...###....#
#..#..#....#
#.#....#....
#b#.....##.
#g........ #
#.###g#..# .# #.#
#....@.†.##.##....
###............#
#.#.......####.#
#.#.#.#........# #
#...#..#######
#..##..# #..?..<#
#.......##
####.####


You could see 2 gnolls and a bat.

Vanquished Creatures
  A gnoll (D:3)
  An adder (D:2)
  A worm (D:2)
  A dart slug (D:2)
  5 leopard geckos
  A giant cockroach (D:2)
  6 goblins
  3 hobgoblins
  4 jackals (D:1)
  A quokka (D:3)
  6 bats (D:2)
  4 frilled lizards (D:2)
  3 kobolds
  5 rats
42 creatures vanquished.

Notes
Turn   | Place    | Note
-------+----------+-------------------------------------------
     0 | D:1      | JedernureinKreuz the Barachi Assassin began the quest for
                  | the Orb.
     0 | D:1      | Reached XP level 1. HP: 17/17 MP: 1/1
   214 | D:1      | Reached XP level 2. HP: 18/23 MP: 2/2
   689 | D:2      | Reached XP level 3. HP: 22/28 MP: 3/3
   833 | D:2      | Found a faded altar of an unknown god.
   858 | D:2      | HP: 1/29 [bat (1)]
  1600 | D:3      | Reached skill level 4 in Stealth
  1600 | D:3      | Reached XP level 4. HP: 27/35 MP: 4/4
  1610 | D:3      | Slain by a gnoll

Skill      XL: |  1  2  3 |
---------------+----------+-----
Fighting       | 3 |  3.1
Dodging        | 2 |  2.0
Stealth        | 4 |  4.0
Short Blades   | |  2.8
Throwing       | |  2.6

Action                   |  1- 3 |  4- 6 || total
-------------------------+-------+-------++-------
Melee: Dagger            |   120 |     7 ||   127
 Stab: Sleeping          |     7 |       ||     7
       Distracted        |     1 |       ||     1
  Eat: Chunk             |     3 |       ||     3
Armor: Robe              |    32 |     2 ||    34
Dodge: Dodged            |    85 |     4 ||    89
